 Dungeon Crawl Stone Soup version 0.28-a0-1435-g82390b3a13 (webtiles) character file.

Game seed: 16457562280235737081

1521 sizableburger the Skirmisher (level 8, -9/87 HPs)
             Began as an Ogre Arcane Marksman on Jan 9, 2022.
             Was a Follower of Ru.
             Mangled by Harold (23 damage)
             ... on level 6 of the Dungeon on Jan 10, 2022.
             The game lasted 00:21:33 (10500 turns).

sizableburger the Skirmisher (OgAM)                Turns: 10500, Time: 00:21:33

Health: -9/87      AC:  6    Str: 17    XL:     8   Next: 84%
Magic:  6/13       EV:  9    Int: 14    God:    Ru [*.....]
Gold:   258        SH:  0    Dex:  9    Spells: 4/13 levels left

rFire   . . .      SeeInvis .   h - +0 whip
rCold   . . .      Faith    .   (no shield)
rNeg    . . .      Spirit   .   k - +1 troll leather armour {Pargi}
rPois   .          Reflect  .   (helmet restricted)
rElec   .          Harm     .   (no cloak)
rCorr   .          Rampage  .   (gloves unavailable)
Will    .....                   (boots unavailable)
Stlth   +.........              (no amulet)
HPRegen 1.04/turn               (no ring)
MPRegen 0.13/turn               (no ring)

@: on blink cooldown, unable to read
A: large, unfitting armour, tough skin 1, inability to read while threatened
a: Renounce Religion


You were on level 6 of the Dungeon.
You worshipped Ru.
Ru was aware of your devotion.
You visited 2 branches of the dungeon, and saw 8 of its levels.
You also visited: Sewer.

You collected 258 gold pieces.

Inventory:

Hand Weapons
 h - a +0 whip (weapon)
 l - a +0 mace
 q - a +0 great mace
Missiles
 b - 4 large rocks
 i - 22 poisoned darts
 v - 3 silver javelins
Armour
 k - a +1 troll leather armour (worn) {Pargi}
 o - an orb of wrath
Jewellery
 f - a +4 ring of protection
 r - a ring of ice
Scrolls
 g - 4 scrolls of teleportation
 j - a scroll of blinking {unknown}
 n - 2 scrolls of vulnerability
 p - a scroll of fear
 s - a scroll of identify
 u - a scroll of immolation {unknown}
Potions
 a - a potion of mutation
 c - 2 potions of flight
 d - 2 potions of attraction
 e - a potion of invisibility {unknown}
 m - a potion of lignification


   Skills:
 - Level 7.0 Fighting
 + Level 4.6 Maces & Flails
 + Level 5.0 Throwing
 - Level 2.0 Dodging
 + Level 3.4 Spellcasting
 + Level 2.9 Hexes
 - Level 2.3 Translocations
 - Level 2.4 Air Magic
 - Level 2.0 Poison Magic


You had 4 spell levels left.
You knew the following spells:

 Your Spells              Type           Power      Damage    Failure   Level
a - Slow                  Hex            40%        N/A       8%          1
b - Blink                 Tloc           16%        N/A       16%         2
c - Poisonous Vapours     Pois/Air       16%        N/A       16%         2
d - Cause Fear            Hex            5%         N/A       58%         4

Your spell library contained the following spells:

 Spells                   Type           Power      Damage    Failure   Level
 Corpse Rot               Necr/Air       10%        N/A       24%         2
 Pain                     Necr           8%         1d4       26%         1
 Portal Projectile        Hex/Tloc       18%        N/A       26%         3
 Inner Flame              Hex/Fire       6%         N/A       38%         3
 Animate Dead             Necr           1%         N/A       94%         4
 Manifold Assault         Tloc           8%         N/A       95%         5
 Agony                    Necr           2%         N/A       100%        5
 Excruciating Wounds      Necr           1%         N/A       100%        5
 Haunt                    Necr/Summ      1%         N/A       100%        7
 Storm Form               Tmut/Air       2%         N/A       100%        7
 Discord                  Hex            5%         N/A       100%        8
 Infestation              Necr           1%         N/A       100%        8


Dungeon Overview and Level Annotations

Branches:
Dungeon (7/15)             Temple (1/1) D:4           Sewer (visited)

Altars:
Ashenzari
Cheibriados
Dithmenos
Elyvilon
Fedhas
Gozag
Hepliaklqana
Kikubaaqudgha
Makhleb
Nemelex Xobeh
Okawaru
Qazlal
Ru
Sif Muna
Trog
Uskayaw
Vehumet
Wu Jian
Xom
Yredelemnul
Zin
The Shining One

Annotations:
D:6 Harold


Innate Abilities, Weirdness & Mutations

You are too large for most types of armour.
You have tough skin. (AC +1)
You sometimes lose the ability to read scrolls when taking damage.


Message History

Confirm with . or Enter, or press ? or * to list all spells.
Aiming: Poisonous Vapours (safe; 16% risk of failure)
Press: ? - help, Dir - move target, f - Harold
Aim: Harold, wielding a +0 glaive, wearing a +3 scale mail of willpower and quivering 3 throwing nets Poisonous vapours surround Harold!
Harold is poisoned.
Unknown command.
Casting: Poisonous Vapours (safe; 16% risk of failure)
Confirm with . or Enter, or press ? or * to list all spells.
Aiming: Poisonous Vapours (safe; 16% risk of failure)
Press: ? - help, Dir - move target, f/p - Harold
Aim: Harold, wielding a +0 glaive, wearing a +3 scale mail of willpower and quivering 3 throwing nets (lightly wounded, poisoned) Poisonous vapours surround Harold!
Harold looks even sicker.
Harold fires a harpoon shot at you. The harpoon shot hits you!
You feel threatened and lose the ability to read scrolls!
You are yanked forward by the harpoon shot.
You cannot read scrolls in your current state!
Okay, then.
Harold throws a throwing net.
The throwing net hits you.
You become entangled in the net!
You see here a throwing net.
You tear a large gash into the net.
Harold hits you from afar with a +0 glaive!
Okay, then.
You struggle against the net.
You feel stable enough to blink again.
Harold hits you from afar with a +0 glaive!!
* * * LOW HITPOINT WARNING * * *
Okay, then.
You rip the net and break free!
Harold fires a harpoon shot at you. The harpoon shot hits you!
* * * LOW HITPOINT WARNING * * *
You are yanked forward by the harpoon shot.
Casting: Poisonous Vapours (safe; 16% risk of failure)
Confirm with . or Enter, or press ? or * to list all spells.
You blink.
Harold shouts, "Can you die now?
I had plans for the rest of the day!"
Harold hits you with a +0 glaive!!
You die...

....# #....## #..# ##..##.##
##..### #....#####..###..###..# #
##....###.....##....##..## ##.###
#.........##............# #....
....)..##...............# ##....
....######...#....##..<.####...#.
..### ##.###.ยง####.^........##
.## #...##>@# ##........... ##
##....#.@######(.....#... .##
#...................##... ..##
##.........###.......##...
...#####.........## ####.........
.............###.# #....#...#
.##...##....####.## ##..###...#
####.###..>####...## ##...####.##
# #.####.####.....###.....###.#
####..###.###..###..#.......##.##


You could see Harold (poisoned).

Vanquished Creatures
  A water moccasin (D:5)
  Pargi (Sewer)
  An ice beast (D:5)
  A sky beast (D:6)
  2 ogres
  2 centaurs
  Blork the orc (D:6)
  A bullfrog (D:6)
  3 scorpions
  4 killer bees (D:4)
  2 hounds
  2 iguanas
  Jessica (D:3)
  14 adders
  2 ufetubi (D:5)
  2 adder skeletons (D:4)
  3 dart slugs
  An orc (D:4)
  7 ball pythons
  6 bats
  4 endoplasms
  5 giant cockroaches
  A goblin (D:2)
  2 hobgoblins (D:3)
  5 quokkas
  9 frilled lizards
  9 kobolds
  2 rats (D:2)
94 creatures vanquished.

Notes
Turn   | Place    | Note
-------+----------+-------------------------------------------
     0 | D:1      | sizableburger the Ogre Arcane Marksman began the quest for
                  | the Orb.
     0 | D:1      | Reached XP level 1. HP: 19/19 MP: 2/2
   620 | D:1      | Found a radiant altar of Vehumet.
   681 | D:1      | Reached XP level 2. HP: 5/28 MP: 3/3
  1099 | D:1      | Found a faded altar of an unknown god.
  1156 | D:1      | Reached skill level 2 in Fighting
  2231 | D:2      | Learned a level 2 spell: Blink
  2604 | D:2      | Reached XP level 3. HP: 27/36 MP: 4/4
  3329 | D:3      | Reached skill level 1 in Maces & Flails
  3977 | D:3      | Noticed Jessica
  3981 | D:3      | Killed Jessica
  3982 | D:3      | Reached skill level 3 in Fighting
  3982 | D:3      | Reached XP level 4. HP: 43/45 MP: 4/6
  4494 | D:4      | Found a staircase to the Ecumenical Temple.
  4517 | Temple   | Entered the Ecumenical Temple
  4529 | Temple   | Learned a level 2 spell: Poisonous Vapours
  4603 | Temple   | Became a worshipper of Ru the Awakened
  5003 | D:4      | Reached XP level 5. HP: 53/53 MP: 7/7
  6061 | D:4      | Reached skill level 1 in Poison Magic
  6238 | D:4      | Reached XP level 6. HP: 62/62 MP: 9/9
  6256 | D:4      | Reached skill level 4 in Fighting
  6739 | D:5      | Entered Level 5 of the Dungeon
  7073 | D:5      | Reached XP level 7. HP: 14/71 MP: 7/11
  7073 | D:5      | Found a glowing drain.
  7185 | Sewer    | Entered a sewer
  7189 | Sewer    | Gained mutation: You sometimes lose the ability to read
                  | scrolls when taking damage. [Ru sacrifice]
  7189 | Sewer    | Reached * piety under Ru
  7428 | Sewer    | Noticed Pargi
  7437 | Sewer    | Killed Pargi
  7872 | D:5      | Reached skill level 5 in Fighting
  7872 | D:5      | Reached skill level 1 in Air Magic
  8290 | D:5      | Reached XP level 8. HP: 69/83 MP: 10/12
  8337 | D:5      | Reached skill level 6 in Fighting
  8675 | D:6      | Reached skill level 1 in Translocations
  8715 | D:6      | Noticed Blork the orc
  8728 | D:6      | Killed Blork the orc
  9127 | D:6      | Upgraded the game from 0.28-a0-1429-gf3d713df7a to
                  | 0.28-a0-1435-g82390b3a13
  9274 | D:6      | Reached skill level 7 in Fighting
  9581 | D:6      | Learned a level 4 spell: Cause Fear
  9936 | D:6      | Reached skill level 5 in Throwing
 10490 | D:7      | Noticed Harold
 10500 | D:6      | Mangled by Harold

Illustrated notes

Levels and vault maps discovered:
D:1:      nzn_arrival_water_spiral, layout_loops_ring,
          ebering_ecumenical_altar_box, minmay_hexomino_r4
D:2:      layout_loops_corners, kennysheep_generic_room_2
D:3:      layout_basic, uniq_jessica
D:4:      layout_loops_corners, temple_green, minmay_snake_closets
D:5:      layout_loops_ring, gup_sewer_entry_glass, solitary_fountain
D:6:      layout_layer_cave, uniq_blork_the_orc
D:7:      layout_gridville, uniq_menkaure, uniq_harold
Temple:   nicolae_temple_the_god_donut

Skill      XL: |  1  2  3  4  5  6  7  8 |
---------------+-------------------------+-----
Dodging        | 2 |  2.0
Fighting       | 2 3 4 5 7 |  7.0
Maces & Flails | 1 2 3 4 |  4.6
Throwing       | 3 4 5 |  5.0
Spellcasting   | 2 3 |  3.4
Poison Magic   | 1 2 |  2.0
Air Magic      | 2 |  2.4
Translocations | 2 |  2.3
Hexes          | |  2.9

Action                   |  1- 3 |  4- 6 |  7- 9 || total
-------------------------+-------+-------+-------++-------
Melee: Unarmed           |    67 |       |       ||    67
       Club              |    92 |       |       ||    92
       Whip              |    59 |   178 |   231 ||   468
       Punch             |       |     6 |     4 ||    10
Throw: Large rock        |     7 |       |     9 ||    16
       Throwing net      |     3 |       |       ||     3
       Dart              |     3 |       |     3 ||     6
       Javelin           |       |       |     1 ||     1
 Cast: Poisonous Vapours |       |     5 |    31 ||    36
       Slow              |       |       |     7 ||     7
       Blink             |       |       |     3 ||     3
Invok: Sacrifice Words   |       |       |     1 ||     1
Evoke: Wand              |       |     1 |     5 ||     6
  Use: Potion            |     1 |     3 |     2 ||     6
       Scroll            |       |     9 |     4 ||    13
 Stab: Sleeping          |       |     1 |       ||     1
Armor: Robe              |   113 |    41 |    14 ||   168
       Skin              |       |    68 |       ||    68
       Troll leather arm |       |       |    81 ||    81
Dodge: Dodged            |   162 |   107 |   104 ||   373

Table legend: (Time is in decaauts)
 A = Elapsed time spent in this place.
 B = Non-inter-level travel time spent in this place.
 C = Inter-level travel time spent in this place.
 D = Time resting spent in this place.
 E = Time spent auto-exploring this place.
 F = Levels seen in this place.
 G = Mean time per level.
                   A        B        C        D        E       F      G
               +--------+--------+--------+--------+--------+-----+--------+
         Total |  10567 |   9941 |    626 |   2396 |   6004 |   9 | 1174.1 |
       Dungeon |   9919 |   9329 |    590 |   2100 |   5884 |   7 | 1417.0 |
        Temple |     95 |     59 |     36 |      0 |      0 |   1 |   95.0 |
         Sewer |    552 |    552 |      0 |    296 |    120 |   1 |  552.0 |
               +--------+--------+--------+--------+--------+-----+--------+

Top non-repeatable levels by time:
     D:4: 2193 daAuts
     D:1: 1771 daAuts
     D:6: 1660 daAuts
     D:5: 1561 daAuts
     D:3: 1451 daAuts
     D:2: 1278 daAuts
   Sewer: 552 daAuts
  Temple: 95 daAuts
     D:7: 1 daAuts
